AoeStats
← billigertheurer

Lombardia

510178149Analyzed
3v3 RM · 19h ago on Sep 29, 2026· 71m 52s· 6 players
Game mode
Random Map
Map size
Normal (6 player)
Population
200
Speed
Normal
Resources
Standard
Victory
Conquest
Starting age
Dark Age
Ending age
Imperial Age
RankedLock teamsTeams togetherTeam positionsShared explorationLock speedFull tech treeHidden civsTurbo modeCheats
Victory
Defeat
🇮🇹 Persians · Italy
596
+16
🇧🇾 Spanish · Belarus
537
+19
🇩🇪 Burmese · Germany
491
+20
🇲🇽 Italians · Mexico
660
-21
🇺🇸 Byzantines · United States
574
-18
🇦🇷 Khmer · Argentina
545
-16
aaa
9:38 Feudal Age
19:47 Double-Bit Axe
19:55 Gold Mining
19:56 Stone Mining
27:47 Castle Age
31:12 Gambesons
30:47 Pikeman
35:41 Imperial Age
33:39 Scale Barding Armor
35:16 Horse Collar
35:49 Bow Saw
35:33 Stone Mining
37:18 Heavy Plow
39:21 Chemistry
41:56 Chain Barding Armor
43:47 Elite Conquistador
52:44 Halberdier
billigertheurer
2:43 Loom
14:47 Feudal Age
16:28 Wheelbarrow
15:43 Horse Collar
16:35 Town Watch
20:24 Arson
20:41 Scale Mail Armor
26:19 Forging
26:04 Gold Mining
30:29 Castle Age
31:36 Town Patrol
32:01 Heavy Plow
35:30 Pikeman
36:11 Squires
36:29 Chain Mail Armor
36:49 Iron Casting
43:17 Hand Cart
43:19 Stone Mining
45:16 Treadmill Crane
45:46 Masonry
45:47 Fortified Wall
45:58 Caravan
46:29 Coinage
50:26 Imperial Age
51:26 Halberdier
59:25 Conscription
67:14 Crop Rotation
67:22 Gold Shaft Mining
Giais
0:35 Loom
10:59 Feudal Age
13:49 Double-Bit Axe
13:47 Horse Collar
15:59 Gold Mining
17:49 Town Watch
18:14 Stone Mining
21:11 Castle Age
19:44 Gold Mining
23:23 Stone Shaft Mining
23:39 Pikeman
24:20 Squires
27:32 Kamandaran
29:35 Wheelbarrow
30:55 Hand Cart
31:50 Town Patrol
32:17 Crossbowman
33:39 Heavy Plow
33:57 Bow Saw
40:15 Imperial Age
40:14 Gold Shaft Mining
40:40 Thumb Ring
40:49 Citadels
41:47 Crop Rotation
42:13 Conscription
44:28 Elite War Elephant
47:07 Two-Man Saw
48:08 Hoardings
47:07 Sappers
47:04 Man-at-Arms
47:30 Gambesons
48:14 Ballistics
47:52 Light Cavalry
48:44 Bloodlines
49:15 Husbandry
48:41 Hussar
48:56 Hussar
53:36 Forging
53:27 Scale Mail Armor
53:32 Scale Barding Armor
53:18 Fletching
53:28 Padded Archer Armor
53:31 Murder Holes
54:39 Chemistry
53:51 Masonry
54:08 Caravan
65:07 Iron Casting
64:48 Chain Mail Armor
Alf II
4:45 Loom
12:51 Feudal Age
14:13 Wheelbarrow
13:25 Double-Bit Axe
13:23 Horse Collar
16:43 Town Watch
19:41 Castle Age
20:38 Bow Saw
21:29 Heavy Plow
22:46 Hand Cart
23:34 Gold Mining
23:37 Crossbowman
25:12 Stone Mining
25:47 Pikeman
28:54 Squires
30:15 Stone Shaft Mining
29:59 Caravan
30:56 Thumb Ring
32:10 Town Patrol
33:08 Fletching
33:19 Padded Archer Armor
33:31 Forging
33:21 Scale Mail Armor
38:53 Imperial Age
39:14 Elite Skirmisher
40:28 Conscription
40:50 Hoardings
40:04 Onager
41:03 Bodkin Arrow
40:38 Arbalester
43:05 Two-Man Saw
42:53 Crop Rotation
43:59 Elite Genoese Crossbowman
49:01 Arson
54:06 Capped Ram
60:51 Silk Road
Yurmus
11:23 Feudal Age
9:39 Loom
38:43 Castle Age
40:46 Pikeman
40:52 Crossbowman
48:41 Imperial Age
49:56 Arbalester
52:55 Fletching
53:06 Padded Archer Armor
55:45 Bodkin Arrow
56:05 Leather Archer Armor
Chafalote
0:46 Loom
11:15 Feudal Age
18:39 Bloodlines
19:20 Double-Bit Axe
19:23 Horse Collar
26:43 Castle Age
31:08 Imperial Age
29:25 Bow Saw
32:31 Heavy Plow
33:53 Crossbowman
34:42 Caravan
36:07 Scale Barding Armor
36:14 Forging
36:49 Crop Rotation
37:31 Wheelbarrow
38:10 Gold Mining
38:11 Stone Mining
40:06 Stone Shaft Mining
40:06 Gold Shaft Mining
40:04 Fortified Wall
44:32 Chemistry
43:53 Ballistics
46:02 Chain Barding Armor
45:43 Scale Mail Armor
46:19 Iron Casting
46:16 Padded Archer Armor
46:07 Fletching
46:25 Husbandry
46:42 Elite Battle Elephant
47:52 Hand Cart
57:47 Conscription
59:19 Pikeman
61:04 Blast Furnace
60:20 Chain Mail Armor
60:41 Plate Barding Armor
60:22 Leather Archer Armor
60:02 Bodkin Arrow
62:43 Heavy Scorpion
65:38 Ring Archer Armor
64:39 Halberdier
66:11 Double Crossbow
Connection lost

Rejoining the realm…

Still unreachable

The connection could not be restored.

Session expired

The server has moved on; the page needs a fresh start.